 Dungeon Crawl Stone Soup version 0.28.0-1-gb440e238dd (webtiles) character file.

Game seed: 5605323010115088724

5462 hikkokomori the Geomancer (level 10, -2/58 HPs)
             Began as a Gargoyle Earth Elementalist on Feb 21, 2022.
             Was an Initiate of Vehumet.
             Slain by a death yak (21 damage)
             ... on level 7 of the Dungeon.
             The game lasted 00:28:38 (9033 turns).

hikkokomori the Geomancer (GrEE)                    Turns: 9033, Time: 00:28:38

Health: -2/58      AC: 20    Str: 15    XL:     10   Next: 68%
Magic:  16/16      EV: 11    Int: 20    God:    Vehumet [......]
Gold:   274        SH:  0    Dex:  5    Spells: 4/17 levels left

rFire   . . .      SeeInvis .   m - +2 demon blade (venom)
rCold   . . .      Faith    .   (no shield)
rNeg    + . .      Spirit   .   b - +1 robe
rPois   ∞          Reflect  .   j - +0 helmet of Voggikliekh {Will+ Regen+ Str+3 Dex-5}
rElec   +          Harm     .   E - +0 cloak {Stlth+}
rCorr   .          Rampage  .   o - +0 pair of gloves
Will    +....                   u - +2 pair of boots {Stlth+}
Stlth   ++++......              e - amulet of the acrobat
HPRegen 0.99/turn               k - +4 ring of protection
MPRegen 0.15/turn               r - +4 ring of slaying

@: no status effects
A: sickness immunity, AC +7, negative energy resistance 1, electricity
resistance, torment resistance 1, petrification resistance
a: Renounce Religion


You were on level 7 of the Dungeon.
You worshipped Vehumet.
Vehumet was noncommittal.
You visited 2 branches of the dungeon, and saw 9 of its levels.
You also visited: Sewer and Bailey.

You collected 578 gold pieces.
You spent 304 gold pieces at shops.

Inventory:

Hand Weapons
 a - a +2 great sword of freezing
 g - a +2 dagger of draining
 h - a +0 arbalest of freezing
 m - a +2 demon blade of venom (weapon)
 F - a +0 vorpal hand crossbow
Missiles
 c - 79 stones
 n - 42 bolts
 p - 2 curare-tipped darts
Armour
 b - a +1 robe (worn)
 j - the +0 helmet of Voggikliekh (worn) {Will+ Regen+ Str+3 Dex-5}
   (You found it on level 4 of the Dungeon)

   Str:       It affects your strength (+3).
   Dex:       It affects your dexterity (-5).
   Regen:     It increases your rate of health regeneration.
   Will:      It increases your willpower.
 o - a +0 pair of gloves (worn)
 t - a +0 cloak
 u - a +2 pair of boots of stealth (worn)
 y - a +0 ring mail
 E - a +0 cloak of stealth (worn)
Magical Staves
 G - a staff of air
Jewellery
 e - an amulet of the acrobat (around neck)
 k - a +4 ring of protection (left hand)
 q - a ring of resist corrosion
 r - a +4 ring of slaying (right hand)
Wands
 w - a wand of iceblast (12)
 C - a wand of charming (6)
Scrolls
 f - 2 scrolls of teleportation
 i - a scroll of enchant weapon
 D - 2 scrolls of identify
Potions
 d - 3 potions of lignification
 l - 2 potions of heal wounds
 s - a potion of might {unknown}
 v - a potion of resistance {unknown}
 x - 2 potions of curing
 z - 2 potions of brilliance {unknown}
 A - a potion of cancellation {unknown}
 B - a potion of mutation {unknown}


   Skills:
 + Level 4.8 Fighting
 - Level 4.8 Long Blades
 - Level 1.5 Dodging
 - Level 4.0 Stealth
 - Level 4.0 Spellcasting
 - Level 5.5 Conjurations
 + Level 3.9 Hexes
 - Level 0.7 Transmutations
 + Level 4.3 Fire Magic
 - Level 6.2 Ice Magic
 - Level 8.7 Earth Magic
 + Level 3.2 Evocations


You had 4 spell levels left.
You knew the following spells:

 Your Spells              Type           Power      Damage    Failure   Level
a - Sandblast             Erth           78%        2d17      1%          1
b - Ensorcelled Hibernat  Hex/Ice        48%        N/A       2%          2
c - Stone Arrow           Conj/Erth      64%        3d11      1%          3
d - Passwall              Tmut/Erth      19%        N/A       2%          2
e - Fireball              Conj/Fire      11%        3d7       43%         5

Your spell library contained the following spells:

 Spells                   Type           Power      Damage    Failure   Level
 Petrify                  Tmut/Erth      23%        N/A       19%         4
 Swiftness                Air            4%         N/A       36%         3
 Iskenderun's Battlesphe  Conj           26%        2d8       34%         5
 Conjure Ball Lightning   Conj/Air       7%         3x3d6     99%         6
 Orb of Destruction       Conj           13%        9d7       100%        7


Dungeon Overview and Level Annotations

Branches:
Dungeon (8/15)             Temple (1/1) D:7            Lair (0/6) D:8
  Sewer (visited)          Bailey (visited)

Altars:
Ashenzari
Cheibriados
Dithmenos
Elyvilon
Fedhas
Gozag
Hepliaklqana
Kikubaaqudgha
Makhleb
Nemelex Xobeh
Okawaru
Qazlal
Sif Muna
Trog
Uskayaw
Vehumet
Wu Jian
Xom
Yredelemnul
Zin
The Shining One

Shops:
D:3 *   D:6 *


Innate Abilities, Weirdness & Mutations

You are immune to sickness and miasma.
Your stone body is resilient. (AC +7)
You are immune to poison.
You resist negative energy. (rN+)
You are resistant to electric shocks. (rElec)
You are resistant to unholy torment.
You are immune to petrification.


Message History

The death yak gores you!
You hit the death yak.
The death yak looks as sick as possible!
The death yak is moderately wounded.
The death yak gores you!
You slash the death yak!
The death yak looks as sick as possible!
The death yak is severely wounded.
The death yak gores you.
Casting: Sandblast (safe; 1% risk of failure)
Confirm with . or Enter, or press ? or * to list all spells.
Aiming: Sandblast (safe; 1% risk of failure)
Press: ? - help, Shift-Dir - straight line, f/p - death yak
Aim: a death yak (almost dead, very poisoned, 94% to hit)
The blast of sand hits the death yak!!
You kill the death yak!
Vehumet accepts your kill.
Your Fire Magic skill increases to level 4!
Your Evocations skill increases to level 3!
There is a stone staircase leading up here.
The death yak gores you!
You climb upwards.
There is a stone staircase leading down here.
You slash the death yak!
The death yak is poisoned.
The death yak is lightly wounded.
The death yak misses you.
You hit the death yak.
The death yak looks as sick as possible!
The death yak is lightly wounded.
The death yak gores you.
You hit the death yak but do no damage.
The death yak looks as sick as possible!
You punch the death yak, but do no damage.
The death yak is moderately wounded.
The death yak gores you!
You hit the death yak.
The death yak looks as sick as possible!
The death yak is moderately wounded.
The death yak gores you!!
You die...

#.####.........#.###.##.## #.#
#.............##.# #.##.####.#
#..###.....#.###.# #.##......#
#..####...######.###.############
.............................#.'.
#..#####..######.....###.###'#.##
#.........# #.###.###..##.....
##.#####..######Y# #...##'##.....
#.# #........@# #.#.#...#.....
#.# ##..####### #.#+#...#'#.##
#.# #...# ####.#.......#.+. #.#
#.#.# #....###...#####. #.# #.#.#
#.##.#.+...+.#... #.# #.#.#
#.##'#.#####.#+#. #.# #.#.#
#.##.....#.....#.
#.#####†#.######+##.....+.....##
#.......#.#...#...#.....#.....#.


You could see a death yak (extremely poisoned).

Vanquished Creatures
  A two-headed ogre (D:8)
  2 death yaks (D:8)
  An orc knight (Bailey)
  A komodo dragon (D:7)
  3 water moccasins
  6 orc warriors (Bailey)
  2 ogres
  A necrophage (D:5)
  2 sky beasts
  3 centaurs
  5 bullfrogs
  2 water moccasin zombies
  2 water moccasin skeletons (D:3)
  4 wights (D:7)
  A howler monkey (D:7)
  3 hounds
  3 jellies
  A gnoll shaman (D:7)
  2 bullfrog skeletons (D:7)
  A centaur skeleton (D:7)
  Jessica (D:2)
  A hell rat (D:8)
  An iguana (D:5)
  A hound skeleton (D:4)
  A howler monkey zombie (D:7)
  13 gnolls
  9 adders
  5 river rats
  6 worms
  4 dart slugs
  21 orcs
  8 endoplasms
  4 giant cockroaches
  7 goblins
  10 hobgoblins
  4 quokkas
  3 ball pythons
  3 bats
  6 frilled lizards
  6 kobolds
  14 rats
174 creatures vanquished.

Vanquished Creatures (others)
  A gnoll (D:8)
1 creature vanquished.

Grand Total: 175 creatures vanquished

Notes
Turn   | Place    | Note
-------+----------+-------------------------------------------
     0 | D:1      | hikkokomori the Gargoyle Earth Elementalist began the quest
                  | for the Orb.
     0 | D:1      | Reached XP level 1. HP: 10/10 MP: 3/3
   393 | D:1      | Reached XP level 2. HP: 15/15 MP: 3/5
   529 | D:1      | Reached skill level 4 in Earth Magic
  1409 | D:2      | Found a faded altar of an unknown god.
  1496 | D:2      | Reached XP level 3. HP: 19/19 MP: 6/6
  1672 | D:2      | Learned a level 2 spell: Ensorcelled Hibernation
  1679 | D:2      | Noticed Jessica
  1687 | D:2      | Killed Jessica
  1692 | D:2      | Reached XP level 4. HP: 24/24 MP: 1/8
  1752 | D:2      | Found a shimmering altar of Xom.
  1956 | D:2      | Reached skill level 1 in Ice Magic
  2319 | D:3      | Reached XP level 5. HP: 18/28 MP: 7/9
  2338 | D:3      | Found Coogoces's General Store.
  2353 | D:3      | Reached skill level 5 in Earth Magic
  2478 | D:3      | Found a glowing drain.
  2486 | Sewer    | Entered a sewer
  2617 | Sewer    | Reached XP level 6. HP: 32/32 MP: 8/11
  3190 | D:3      | Found an iron altar of Okawaru.
  3217 | D:3      | Noticed a sky beast
  3221 | D:3      | Killed a sky beast
  3353 | D:3      | Found a snail-covered altar of Cheibriados.
  3357 | D:3      | Found a basalt altar of Yredelemnul.
  3357 | D:3      | Found a glowing golden altar of the Shining One.
  3362 | D:3      | Found a burning altar of Makhleb.
  3438 | D:3      | Found a white marble altar of Elyvilon.
  3685 | D:4      | Learned a level 3 spell: Stone Arrow
  3688 | D:4      | Learned a level 2 spell: Passwall
  3887 | D:4      | Reached XP level 7. HP: 36/36 MP: 12/12
  3964 | D:4      | Learned a level 5 spell: Fireball
  4117 | D:4      | Reached skill level 1 in Long Blades
  4117 | D:4      | Reached skill level 6 in Earth Magic
  4725 | D:4      | Identified the +0 helmet of Voggikliekh {Will+ Regen+ Str+3
                  | Dex-5}
  4951 | D:5      | Entered Level 5 of the Dungeon
  4961 | D:5      | Reached skill level 1 in Conjurations
  5325 | D:5      | Reached XP level 8. HP: 41/41 MP: 9/14
  5675 | D:6      | Found a hide-covered altar of Uskayaw.
  5675 | D:6      | Noticed a +0 dagger
  5676 | D:6      | Noticed a +0 dagger
  5687 | D:6      | Found Utyjif's Assorted Antiques.
  5693 | D:6      | Reached skill level 7 in Earth Magic
  5707 | D:6      | Bought a pair of runed boots for 202 gold pieces
  5707 | D:6      | Bought a grey potion for 24 gold pieces
  5707 | D:6      | Bought a scroll of identify for 54 gold pieces
  5707 | D:6      | Bought a viscous cyan potion for 24 gold pieces
  6372 | D:6      | Reached skill level 5 in Ice Magic
  6419 | D:7      | Found a staircase to the Ecumenical Temple.
  6510 | D:7      | Found a flagged portal.
  6539 | D:7      | Reached XP level 9. HP: 33/45 MP: 10/15
  6574 | Bailey   | Entered a bailey
  6700 | Bailey   | Reached skill level 8 in Earth Magic
  6838 | Bailey   | Noticed an orc knight
  7176 | Bailey   | Reached skill level 5 in Conjurations
  7399 | Bailey   | Killed an orc knight
  7574 | D:7      | Noticed a komodo dragon
  7582 | D:7      | Killed a komodo dragon
  7583 | D:7      | Reached skill level 1 in Fighting
  7583 | D:7      | Reached skill level 1 in Hexes
  7583 | D:7      | Reached skill level 1 in Fire Magic
  7871 | D:7      | Found a shimmering blue altar of Sif Muna.
  7937 | Temple   | Entered the Ecumenical Temple
  8228 | D:7      | Reached XP level 10. HP: 54/54 MP: 16/16
  8392 | D:7      | Reached skill level 1 in Evocations
  8398 | D:7      | Found a radiant altar of Vehumet.
  8414 | D:7      | Became a worshipper of Vehumet
  8785 | D:8      | Noticed a two-headed ogre
  8793 | D:8      | Killed a two-headed ogre
  8906 | D:8      | Noticed a death yak
  8917 | D:8      | Killed a death yak
  8997 | D:8      | Found a staircase to the Lair.
  8998 | D:8      | Noticed a death yak
  8998 | D:8      | Noticed a death yak
  9023 | D:8      | Killed a death yak
  9033 | D:7      | Slain by a death yak

Illustrated notes

Levels and vault maps discovered:
D:1:      saegor_arrival_simple_c, layout_loops_ring, kennysheep_pointless_box
D:2:      layout_basic, chequers_ecumenical_altar_island, basic_altar,
          dk_noncrumbling_2, minmay_pentomino_p2, uniq_jessica
D:3:      layout_loops_ring, minitemple, nicolae_elyvilon_temple_path,
          nicolae_overflow_crystal_walls, serial_shops, shop,
          lightli_sewer_entry_pipes, minmay_close_crescents
D:4:      layout_basic, wad_orctagon
D:5:      layout_cave_pools
D:6:      layout_basic, dancing_weapons_uskayaw, serial_shops,
          nicolae_stop_n_shop_2
D:7:      nicolae_cairo_tiling_large, layout_loops_ring,
          nicolae_vehumet_radiance, mainiacjoe_overflow_chevrons, temple_hall,
          enter_bailey_5, minmay_checkerbox
D:8:      layout_basic, hangedman_ru_absence, dpeg_lair_monsters
Temple:   nicolae_temple_x_marks_the_god

Skill      XL: |  1  2  3  4  5  6  7  8  9 10 |
---------------+-------------------------------+-----
Earth Magic    | 4 5 6 7 8 |  8.7
Stealth        | 3 4 |  4.0
Ice Magic      | 1 2 3 4 5 6 |  6.2
Spellcasting   | 3 4 |  4.0
Long Blades    | 2 3 4 |  4.8
Conjurations   | 2 4 5 |  5.5
Fighting       | 2 4 |  4.8
Hexes          | 2 3 |  3.9
Fire Magic     | 2 4 |  4.3
Evocations     | 3 |  3.2
Dodging        | |  1.5
Transmutations | |  0.7

Action                   |  1- 3 |  4- 6 |  7- 9 | 10-12 || total
-------------------------+-------+-------+-------+-------++-------
Melee: Unarmed           |     8 |       |       |       ||     8
       Dagger            |    43 |   109 |       |       ||   152
       Punch             |     1 |     5 |     3 |     1 ||    10
       Demon blade       |       |    21 |   184 |    58 ||   263
 Cast: Sandblast         |    16 |    55 |    49 |     3 ||   123
       Stone Arrow       |       |       |    32 |    13 ||    45
Evoke: Wand              |       |       |       |     2 ||     2
  Use: Scroll            |       |    11 |     3 |       ||    14
 Stab: Sleeping          |     5 |     8 |     5 |     1 ||    19
Armor: Robe              |    12 |    47 |   104 |    24 ||   187
Dodge: Dodged            |    28 |    63 |   170 |    34 ||   295
